 Dungeon Crawl Stone Soup version 0.27.0-1-g7a089689b8 (webtiles) character file.

Game seed: 13834780870983943605

11492 gimp the Cleaver (level 11, -1/94 HPs)
             Began as a Deep Dwarf Artificer on Aug 8, 2021.
             Was a Priest of Elyvilon.
             Slain by a two-headed ogre (18 damage)
             ... on level 12 of the Dungeon.
             The game lasted 00:34:03 (8391 turns).

gimp the Cleaver (Deep Dwarf Artificer)             Turns: 8391, Time: 00:34:03

Health: -1/94      AC: 19    Str: 20    XL:     11   Next: 50%
Magic:  6/6        EV:  8    Int: 11    God:    Elyvilon [***...]
Gold:   750        SH:  0    Dex: 13    Spells: 10/10 levels left

rFire    . . .     SeeInvis +   J - +2 hand axe (venom)
rCold    + . .     Faith    +   (no shield)
rNeg     . . .     Spirit   .   o - +3 chain mail {rC+}
rPois    .         Reflect  .   k - +0 helmet
rElec    .         Harm     .   u - +0 cloak
rCorr    .         Rampage  .   (no gloves)
Will     ++...                  H - +0 pair of boots
Stlth    ..........             y - amulet of faith
HPRegen  0.00/turn              w - ring of willpower
MPRegen  0.10/turn              C - ring of see invisible

@: studying Bows
A: damage resistance, heal wounds, sense surroundings 2, no regeneration
a: Heal Wounds, Renounce Religion, Lesser Healing, Heal Other, Purification,
Divine Protection


You were on level 12 of the Dungeon.
You worshipped Elyvilon.
Elyvilon was most pleased with you.
You visited 2 branches of the dungeon, and saw 13 of its levels.

You collected 2797 gold pieces.
You spent 2047 gold pieces at shops.

Inventory:

Hand Weapons
 a - a +0 broad axe
 b - a +2 hand axe of freezing
 J - a +2 hand axe of venom (weapon)
Missiles
 n - 51 poisoned darts
 x - a throwing net
Armour
 k - a +0 helmet (worn)
 o - a +3 chain mail of cold resistance (worn)
 p - a +0 scale mail of willpower
 u - a +0 cloak (worn)
 H - a +0 pair of boots (worn)
Jewellery
 w - a ring of willpower (left hand)
 y - an amulet of faith (around neck)
 A - a ring of flight
 C - a ring of see invisible (right hand)
Wands
 c - a wand of flame (43) (quivered)
 d - a wand of charming (6)
 r - a wand of polymorph (10)
Scrolls
 f - a scroll of holy word
 h - a scroll of fog
 j - 9 scrolls of teleportation
 l - 2 scrolls of fear
 q - 2 scrolls of enchant weapon
 s - 4 scrolls of identify
 t - 2 scrolls of blinking
 v - 4 scrolls of amnesia
 E - a scroll of enchant armour
 F - 2 scrolls of magic mapping
 I - a scroll of brand weapon {unknown}
Potions
 g - 7 potions of curing
 i - a potion of might
 m - 4 potions of heal wounds
 z - 2 potions of invisibility
 B - 2 potions of lignification
 G - 4 potions of haste {unknown}
 K - a potion of brilliance {unknown}
Miscellaneous
 e - a piece from Xom's chessboard (inert)
 D - a box of beasts (inert)


   Skills:
 - Level 5.0 Fighting
 * Level 13.5 Axes
 + Level 10.6 Armour
 - Level 1.1 Dodging
 - Level 1.2 Stealth
 + Level 8.6 Invocations
 - Level 5.4 Evocations


You had 10 spell levels left.
You didn't know any spells.
Your spell library contained the following spells:

 Spells                   Type           Power      Damage    Failure   Level
 Inner Flame              Hex/Fire       0%         N/A       100%        3
 Summon Guardian Golem    Hex/Summ       0%         N/A       100%        3
 Cause Fear               Hex            0%         N/A       100%        4
 Dispersal                Tloc           0%         N/A       100%        6
 Orb of Destruction       Conj           0%         N/A       100%        7
 Spellforged Servitor     Conj/Summ      0%         N/A       100%        7
 Discord                  Hex            0%         N/A       100%        8
 Disjunction              Tloc           0%         N/A       100%        8


Dungeon Overview and Level Annotations

Branches:
Dungeon (12/15)            Temple (1/1) D:6            Lair (0/6) D:9
    Orc (0/2) D:11

Altars:
Ashenzari
Cheibriados
Dithmenos
Elyvilon
Fedhas
Gozag
Hepliaklqana
Kikubaaqudgha
Makhleb
Nemelex Xobeh
Okawaru
Qazlal
Ru
Sif Muna
Trog
Uskayaw
Vehumet
Wu Jian
Xom
Yredelemnul
Zin
The Shining One

Shops:
D:2 [   D:5 *???   D:10 ?


Innate Abilities, Weirdness & Mutations

You are resistant to damage.
You can heal yourself by infusing magical energy.
You passively map the area around you.
You do not regenerate.


Message History

The two-headed ogre barely misses you.
You regained 9 hp, and now have 30/94 hp.
You make a move on Xom's chessboard...
The two-headed ogre resists with some effort.
You make a move on Xom's chessboard...
The two-headed ogre is moving more slowly.
The chess piece greys!
The two-headed ogre barely misses you.
The two-headed ogre hits you with a +0 giant club!
* * * LOW HITPOINT WARNING * * *
You take 13 damage, and have 17/94 hp.
Your +2 hand axe of venom begins to drip with poison!
J - a +2 hand axe of venom (weapon)
The two-headed ogre stops moving altogether!
The helpless two-headed ogre fails to defend itself.
You slash the two-headed ogre!
The two-headed ogre is poisoned.
The two-headed ogre is lightly wounded.
The helpless two-headed ogre fails to defend itself.
You slash the two-headed ogre!
The two-headed ogre looks as sick as possible!
The two-headed ogre is moderately wounded.
The helpless two-headed ogre fails to defend itself.
You slash the two-headed ogre!
The two-headed ogre looks as sick as possible!
The two-headed ogre is moderately wounded.
The helpless two-headed ogre fails to defend itself.
You hit the two-headed ogre.
The two-headed ogre looks as sick as possible!
The two-headed ogre is heavily wounded.
The helpless two-headed ogre fails to defend itself.
You slash the two-headed ogre!
The two-headed ogre looks as sick as possible!
The two-headed ogre is heavily wounded.
The helpless two-headed ogre fails to defend itself.
You slash the two-headed ogre!
The two-headed ogre looks as sick as possible!
The two-headed ogre is heavily wounded.
The two-headed ogre is no longer petrified.
The two-headed ogre barely misses you.
The two-headed ogre hits you with a +0 giant club!!
You die...

,,,* * * ** *
,## #.# ...,
#.####* #.#
##.#.. #.#*
##....# * **,
#.# .....## * *
#.# **.....##
##.#######.....#
* *
*#...@O.<.(.)..#
#.###########.##
*, , * # * **


You could see a two-headed ogre (extremely poisoned).

Vanquished Creatures
  2 two-headed ogres
  Pikel (D:8)
  A cyclops (D:11)
  A centaur zombie (D:11)
  3 kobold demonologists (D:6)
  2 unseen horrors
  Psyche (D:11)
  2 trolls
  A wraith (D:11)
  4 yaks
  2 shadows
  6 vampire mosquitoes
  A steam dragon (D:5)
  2 water moccasins
  6 orc warriors
  A sky beast (D:7)
  A swamp drake (D:11)
  A necrophage (D:8)
  An ice beast (D:6)
  3 black bears
  An ogre (D:5)
  2 wolves (D:9)
  4 centaurs
  6 bullfrogs
  4 kobold brigands
  A wyvern zombie (D:6)
  4 scorpions
  3 killer bees (D:9)
  2 vampire bats (D:3)
  An electric eel (D:9)
  2 howler monkeys
  A bullfrog zombie (D:3)
  3 centaur skeletons
  A jelly (D:5)
  10 orc priests
  A gnoll shaman (D:10)
  3 hounds
  3 iguanas
  Jessica (D:3)
  14 orc wizards
  2 scorpion zombies (D:4)
  A hound skeleton (D:4)
  4 gnolls
  4 adders
  6 white imps
  3 dart slugs
  36 orcs
  7 ball pythons
  2 bat skeletons (D:3)
  2 bat zombies (D:3)
  2 endoplasms (D:1)
  2 giant cockroaches (D:1)
  4 goblins
  6 hobgoblins
  15 jackals
  23 kobolds
  6 bats
  2 frilled lizards
  5 rats
241 creatures vanquished.

Vanquished Creatures (collateral kills)
  A boulder beetle (D:11)
  A black bear (D:9)
  A jelly (D:4)
  A centaur simulacrum (D:9)
  An adder (D:3)
  A kobold (D:1)
  A rat (D:3)
7 creatures vanquished.

Vanquished Creatures (others)
  A jelly (D:5)
  An orc priest (D:4)
  A howler monkey zombie (D:9)
  A giant cockroach (D:3)
  A hobgoblin (D:3)
  16 fungi (D:9)
  11 plants (D:9)
32 creatures vanquished.

Grand Total: 280 creatures vanquished

Notes
Turn   | Place    | Note
-------+----------+-------------------------------------------
     0 | D:1      | gimp the Deep Dwarf Artificer began the quest for the Orb.
     0 | D:1      | Reached XP level 1. HP: 16/16 MP: 1/1
    32 | D:1      | Reached skill level 1 in Fighting
   163 | D:1      | Reached XP level 2. HP: 25/26 MP: 2/2
   388 | D:1      | Found a faded altar of an unknown god.
   768 | D:1      | Reached XP level 3. HP: 7/33 MP: 3/3
  1041 | D:2      | Found Teuxukhu's Antique Armour Shop.
  1435 | D:3      | Noticed Jessica
  1448 | D:3      | Killed Jessica
  1449 | D:3      | Reached XP level 4. HP: 18/44 MP: 3/3
  1494 | D:3      | Identified a scroll of acquirement
  1494 | D:3      | Acquired 1253 gold pieces
  1536 | D:2      | Bought a dazzling chain mail for 199 gold pieces
  1536 | D:2      | Identified the +2 chain mail of the Lost Howling Teeth
                  | {Harm rCorr Int+6 Dex-2} (You bought it in a shop on level
                  | 2 of the Dungeon)
  1730 | D:3      | Reached XP level 5. HP: 44/51 MP: 3/3
  1749 | D:3      | Found an ancient bone altar of Kikubaaqudgha.
  1811 | D:3      | Reached skill level 5 in Fighting
  1886 | D:3      | Found a shadowy altar of Dithmenos.
  2128 | D:2      | Bought a runed chain mail for 157 gold pieces
  2264 | D:4      | Reached XP level 6. HP: 61/61 MP: 2/2
  2458 | D:4      | Reached skill level 5 in Evocations
  2703 | D:4      | Found a faded altar of an unknown god.
  2703 | D:4      | Found a shimmering altar of Xom.
  2711 | D:4      | Found a faded altar of an unknown god.
  2713 | D:4      | Found a broken altar of Ashenzari.
  2715 | D:4      | Found a glowing silver altar of Zin.
  2946 | D:4      | Reached skill level 1 in Axes
  2949 | D:4      | Found a basalt altar of Yredelemnul.
  3068 | D:5      | Entered Level 5 of the Dungeon
  3068 | D:5      | Found Vyrikhlu's Magic Scroll Emporium.
  3074 | D:5      | Bought a scroll of identify for 28 gold pieces
  3076 | D:5      | Bought a scroll of teleportation for 42 gold pieces
  3076 | D:5      | Bought a scroll of fog for 28 gold pieces
  3076 | D:5      | Bought a scroll of fear for 49 gold pieces
  3076 | D:5      | Bought a scroll of torment for 105 gold pieces
  3079 | D:5      | Bought a scroll of identify for 28 gold pieces
  3079 | D:5      | Bought a scroll of identify for 28 gold pieces
  3079 | D:5      | Bought a scroll of identify for 28 gold pieces
  3079 | D:5      | Bought a scroll of identify for 28 gold pieces
  3081 | D:5      | Found Ytolopno's Magic Scroll Shoppe.
  3107 | D:5      | Reached skill level 2 in Axes
  3107 | D:5      | Reached XP level 7. HP: 25/67 MP: 3/3
  3111 | D:5      | Found Xiukog's General Store.
  3126 | D:5      | Bought a scroll of blinking for 97 gold pieces
  3126 | D:5      | Bought a +0 broad axe for 52 gold pieces
  3135 | D:5      | Bought a scroll of enchant weapon for 82 gold pieces
  3147 | D:5      | Found Biaclacu's Magic Scroll Emporium.
  3191 | D:5      | Noticed a steam dragon
  3201 | D:5      | Reached skill level 3 in Axes
  3203 | D:5      | Killed a steam dragon
  3204 | D:5      | Reached skill level 4 in Axes
  3240 | D:5      | Reached skill level 5 in Armour
  3332 | D:5      | Reached skill level 5 in Axes
  3386 | D:5      | Found a snail-covered altar of Cheibriados.
  3508 | D:5      | Found a stormy altar of Qazlal.
  3622 | D:6      | Found a sacrificial altar of Ru.
  3647 | D:6      | Reached XP level 8. HP: 37/74 MP: 3/3
  3678 | D:6      | Found a staircase to the Ecumenical Temple.
  3687 | Temple   | Entered the Ecumenical Temple
  3847 | D:6      | Noticed a kobold demonologist
  3849 | D:6      | Noticed a kobold demonologist
  3851 | D:6      | Noticed a kobold demonologist
  3864 | D:6      | Killed a kobold demonologist
  3865 | D:6      | Reached skill level 6 in Axes
  3865 | D:6      | Killed a kobold demonologist
  3866 | D:6      | Reached skill level 7 in Axes
  3867 | D:6      | Killed a kobold demonologist
  3868 | D:6      | Reached skill level 8 in Axes
  3909 | D:6      | Identified the +5 long sword "Mizufewu" {drain, Will+ rCorr
                  | Str+4}
  3922 | D:6      | Gained mutation: You passively map the area around you.
                  | [Deep Dwarf growth]
  3922 | D:6      | Reached XP level 9. HP: 48/81 MP: 4/4
  4133 | D:6      | Found a white marble altar of Elyvilon.
  4154 | D:6      | Became a worshipper of Elyvilon the Healer
  4224 | D:6      | Found an ornate altar of the Wu Jian Council.
  4383 | D:6      | Reached skill level 9 in Axes
  4564 | D:7      | Found a glowing golden altar of the Shining One.
  4592 | D:7      | Reached * piety under Elyvilon
  4807 | D:7      | Reached skill level 1 in Invocations
  5065 | D:8      | Reached skill level 10 in Axes
  5094 | D:8      | Noticed Pikel
  5214 | D:8      | Found a hide-covered altar of Uskayaw.
  5245 | D:8      | Reached ** piety under Elyvilon
  5549 | D:8      | Killed Pikel
  5584 | D:8      | Reached XP level 10. HP: 48/88 MP: 2/4
  5888 | D:9      | Reached skill level 11 in Axes
  5913 | D:9      | Reached *** piety under Elyvilon
  6053 | D:9      | Reached skill level 5 in Invocations
  6341 | D:9      | Noticed a two-headed ogre
  6371 | D:9      | Killed a two-headed ogre
  6372 | D:9      | Reached skill level 12 in Axes
  6488 | D:9      | Found a staircase to the Lair.
  6733 | D:10     | Entered Level 10 of the Dungeon
  6734 | D:10     | Reached **** piety under Elyvilon
  6908 | D:10     | Found Fepi Hicwu's Magic Scroll Boutique.
  6916 | D:10     | Bought a scroll of acquirement for 884 gold pieces
  6916 | D:10     | Acquired 676 gold pieces
  6931 | D:10     | Bought a scroll of teleportation for 51 gold pieces
  6931 | D:10     | Bought a scroll of teleportation for 51 gold pieces
  6931 | D:10     | Bought a scroll of magic mapping for 59 gold pieces
  6931 | D:10     | Bought a scroll of teleportation for 51 gold pieces
  7027 | D:10     | Noticed a two-headed ogre
  7051 | D:10     | Killed a two-headed ogre
  7119 | D:10     | Reached XP level 11. HP: 67/94 MP: 5/7
  7205 | D:10     | Reached skill level 10 in Armour
  7406 | D:11     | Noticed Psyche
  7417 | D:11     | Killed Psyche
  7545 | D:11     | Reached skill level 13 in Axes
  7599 | D:11     | Noticed a boulder beetle
  7619 | D:11     | Killed a boulder beetle
  7799 | D:11     | Found a staircase to the Orcish Mines.
  8367 | D:12     | Noticed a two-headed ogre
  8391 | D:12     | Slain by a two-headed ogre

Illustrated notes

Levels and vault maps discovered:
D:1:      tarquinn_simple_flora_water_d, layout_loops_ring,
          chequers_ecumenical_altar_simple_redux, hangedman_decor_opposing
D:2:      layout_loops_ring, serial_shops, shop
D:3:      layout_rooms, kennysheep_vampire_church,
          grunt_dithmenos_smoke_and_mirrors, uniq_jessica
D:4:      layout_loops_corners, lemuel_zombie_altar_yredelemnul,
          chequers_temple_overflow_minitemple, minmay_manual_mess
D:5:      layout_gridville, mainiacjoe_overflow_concentric_impassable,
          nicolae_qazlal_eye_of_the_storm, serial_shops, shop, shop,
          nicolae_shop_crystal, nicolae_shop_competitors_out_of_business
D:6:      layout_basic, nzn_wu_jian_council_hall,
          nicolae_ru_sacrificial_ziggurat, elyvilon_altar_5,
          minmay_temple_entry_statues_pillars
D:7:      layout_rooms, tso_altar
D:8:      layout_basic, nicolae_uskayaw_dance_hall, uniq_pikel
D:9:      layout_loops_ring, grunt_lair_entry_orc_guard_hut, serial_ice,
          serial_ice_c, serial_ice_a, serial_ice_n, serial_ice_f, serial_ice_d,
          serial_ice_m
D:10:     layout_cross, serial_shops, shop, serial_bayou_pond_d,
          corexii_leaking_fountain
D:11:     layout_long_grid, erik_orc_1, uniq_psyche
D:12:     layout_loops_corners, minmay_crystal_room, wad_scary_box
Temple:   nicolae_temple_figure_zero

Skill      XL: |  1  2  3  4  5  6  7  8  9 10 11 |
---------------+----------------------------------+-----
Fighting       | 1 2 3 4 5 |  5.0
Armour         | 3 4 5 7 8 9 10 | 10.6
Evocations     | 5 |  5.4
Axes           | 2 5 8 10 12 13 | 13.5
Invocations    | 4 7 8 |  8.6
Dodging        | |  1.1
Stealth        | |  1.2

Action                   |  1- 3 |  4- 6 |  7- 9 | 10-12 || total
-------------------------+-------+-------+-------+-------++-------
Melee: Dagger            |   208 |   282 |       |       ||   490
       Club              |     6 |       |       |       ||     6
       Hand axe          |       |    33 |   296 |   404 ||   733
       Broad axe         |       |       |       |    10 ||    10
Invok: Lesser Healing    |       |       |     2 |     1 ||     3
       Greater Healing   |       |       |       |    11 ||    11
 Abil: Heal Wounds       |     2 |     4 |    10 |     8 ||    24
Evoke: Wand              |    14 |     7 |    11 |    27 ||    59
       Piece from Xom's  |     4 |     3 |     3 |    22 ||    32
       Box of beasts     |       |       |       |     2 ||     2
  Use: Scroll            |       |     7 |     4 |     3 ||    14
       Potion            |       |       |     1 |       ||     1
 Stab: Petrified         |     5 |    12 |     9 |    13 ||    39
       Petrifying        |     1 |       |       |       ||     1
       Sleeping          |       |       |     1 |       ||     1
       Paralysed         |       |       |       |    12 ||    12
       Confused          |       |       |       |     3 ||     3
Armor: Leather armour    |    66 |     9 |       |       ||    75
       Chain mail        |       |   268 |   210 |   318 ||   796
Dodge: Dodged            |   127 |   151 |   112 |   177 ||   567
